Map: Interloper LE

Players

Yata

  • Race: Zerg Zerg
  • League: Platinum
  • Spawn Location: 5:00

Sheldon - Winner!

  • Race: Terran Terran
  • League: Diamond
  • Spawn Location: 11:00

VOD

Have the link to the VOD?

Description

Time

  • Played on: Nov. 8, 2017, 4:20 p.m.
  • Length: 20:08
Show
View Real Time Build Order
Export as new Build Order

Yata Zerg 

Build Orders: Hatch First 

Get SALT Encoding   

  12  0:01  Drone  
  13  0:12  Overlord  
  13  0:17  Drone  
  14  0:31  Drone x2  
  14  0:34  Drone  
  17  0:54  Hatchery  
  17  0:55  Drone  
  17  0:59  Drone  
  18  1:10  Extractor  
  17  1:16  Spawning Pool  
  16  1:18  Drone  
  16  1:21  Drone  
  18  1:28  Drone  
  19  1:39  Overlord  
  19  1:52  Drone  
  20  1:54  Evolution Chamber  
  19  2:01  Drone  
  19  2:05  Queen  
  19  2:08  Queen  
  22  2:11  Zergling x4  
  26  2:18  Metabolic Boost  
  26  2:22  Drone  
  27  2:46  Drone x5  
  32  2:54  Drone  
  33  2:59  Baneling Nest  
  32  3:06  Queen  
  32  3:09  Pneumatized Carapace  
  32  3:12  Drone x2  
  36  3:14  Overlord  
  36  3:42  Drone  
  36  3:43  Drone x6  
  43  3:56  Hatchery  
  43  3:58  Drone x2  
  43  4:02  Baneling x4  
  44  4:03  Overlord x2  
  42  4:35  Lair  
  42  4:37  Zergling x4  
  42  4:38  Zergling x12  
  50  4:44  Zergling x2  
  50  4:45  Zergling x10  
  56  4:54  Extractor  
  56  4:56  Extractor  
  56  4:57  Zergling x4  
  56  5:16  Baneling x3  
  56  5:18  Baneling  
  40  5:50  Zergling x24  
  40  5:51  Zergling x4  
  54  6:00  Drone  
  54  6:02  Zerg Melee Weapons Level 1  
  55  6:05  Drone x2  
  57  6:14  Drone  
  57  6:15  Drone x2  
  60  6:20  Baneling x2  
  60  6:31  Drone x6  
  66  6:35  Overlord  
  66  6:38  Baneling x3  
  66  6:39  Baneling x2  
  66  6:50  Spore Crawler  
  66  6:51  Spore Crawler  
  61  7:03  Drone x4  
  61  7:04  Drone x4  
  61  7:07  Zergling x6  
  70  7:21  Queen  
  69  7:29  Spore Crawler  
  63  7:32  Spore Crawler  
  62  7:40  Spore Crawler  
  57  7:45  Drone x5  
  46  7:59  Zergling x6  
  48  8:11  Drone x2  
  48  8:12  Drone x2  
  52  8:23  Zergling x6  
  55  8:49  Queen  
  55  8:53  Zergling x14  
  55  8:54  Zergling x6  
  67  8:57  Queen  
  67  9:00  Zerg Ground Armor Level 1  
  69  9:17  Overlord x6  
  69  9:21  Spore Crawler  
  68  9:32  Overlord x6  
  68  9:49  Zergling x10  
  68  9:52  Zergling x6  
  76  10:03  Centrifical Hooks  
  76  10:08  Zergling x2  
  76  10:09  Zergling x12  
  83  10:21  Hydralisk Den  
  82  10:34  Zergling x4  
  82  10:35  Zergling x12  
  90  10:42  Hatchery  
  89  10:50  Drone x4  
  89  10:57  Muscular Augments  
  93  11:00  Hydralisk x4  
  93  11:01  Hydralisk  
  103  11:14  Hydralisk  
  103  11:15  Hydralisk x3  
  111  11:18  Baneling  
  111  11:21  Queen  
  111  11:24  Extractor  
  112  11:27  Zergling x4, Extractor  
  112  11:28  Zergling x16  
  112  11:29  Zergling x2  
  122  11:40  Zerg Melee Weapons Level 2  
  122  11:52  Baneling x5  
  122  11:53  Baneling  
  122  11:56  Drone x5  
  122  11:57  Drone x6  
  133  12:08  Infestation Pit  
  132  12:12  Drone x10  
  142  12:16  Hydralisk  
  140  12:34  Zergling x14  
  94  12:44  Zergling x4  
  94  12:45  Zergling x10  
  94  12:47  Queen  
  102  12:54  Hive  
  102  13:05  Hydralisk x9  
  104  13:12  Overlord x2  
  120  13:21  Zergling x2  
  120  13:22  Zergling x14  
  120  13:23  Queen  
  130  13:37  Zergling x2  
  130  13:38  Zergling x10  
  136  13:48  Baneling  
  136  13:49  Hatchery, Baneling x16  
  136  13:50  Zergling x2  
  136  13:57  Zerg Ground Armor Level 2  
  136  14:04  Zergling x12  
  136  14:05  Zergling x2  
  133  14:20  Zergling x2  
  133  14:21  Zergling x10  
  134  14:31  Hatchery  
  133  14:40  Drone x14  
  133  14:41  Drone  
  148  15:06  Drone x16  
  164  15:12  Ultralisk Cavern  
  163  15:15  Spire, Hydralisk  
  164  15:26  Zergling x8  
  164  15:27  Zergling x12  
  174  15:29  Overlord  
  174  15:40  Adrenal Glands  
  174  15:41  Overlord x3  
  174  15:42  Overlord  
  174  15:58  Zergling x2  
  174  15:59  Zergling x24  
  174  16:00  Zergling x2  
  174  16:02  Hatchery  
  179  16:07  Zergling x12  
  161  16:13  Ultralisk  
  161  16:16  Viper x4  
  178  16:22  Chitinous Plating  
  178  16:24  Zerg Melee Weapons Level 3  
  178  16:31  Zergling x18  
  178  16:32  Zergling x2  
  188  16:36  Extractor  
  188  16:38  Extractor  
  186  16:43  Zergling x12  
  186  16:45  Hydralisk  
  186  16:46  Hydralisk x2  
  105  17:24  Zergling x2  
  105  17:25  Zergling x36  
  105  17:26  Zergling x2  
  123  17:32  Ultralisk  
  133  17:42  Ultralisk  
  133  17:43  Ultralisk  
  140  17:53  Ultralisk  
  146  17:59  Baneling x5  
  146  18:01  Queen  
  146  18:02  Queen  
  133  18:13  Ultralisk x2  
  133  18:19  Zergling x16  
  146  18:20  Zergling x14  
  146  18:24  Ultralisk  
  155  18:29  Corruptor  
  157  18:42  Hatchery  
  157  18:44  Corruptor x2  
  160  18:58  Overlord x3  
  160  18:59  Corruptor, Hatchery  
  160  19:00  Corruptor  
  163  19:17  Extractor  
  163  19:19  Extractor  
  163  19:23  Corruptor x2  
  165  19:24  Corruptor  
  165  19:30  Baneling  
  165  19:31  Baneling x2  
Show
View Real Time Build Order
Export as new Build Order

Sheldon Terran - Winner!

Build Orders: Reaper Expand 

Get SALT Encoding   

  12  0:00  SCV  
  13  0:13  SCV  
  14  0:17  Supply Depot  
  14  0:25  SCV  
  15  0:39  SCV  
  15  0:40  Barracks  
  16  0:51  SCV  
  16  0:55  Refinery  
  17  1:03  SCV  
  18  1:15  SCV  
  19  1:28  Orbital Command  
  19  1:38  Reaper  
  20  1:42  Command Center  
  20  1:55  Supply Depot  
  20  1:59  SCV  
  21  2:16  Supply Depot  
  21  2:19  Supply Depot  
  21  2:20  SCV  
  22  2:32  SCV  
  22  2:34  Engineering Bay  
  24  2:44  Supply Depot, SCV  
  23  2:51  Factory  
  23  2:54  Refinery  
  23  2:56  SCV  
  24  2:59  Orbital Command  
  24  3:08  SCV  
  24  3:11  Marine  
  26  3:20  SCV  
  26  3:25  SCV  
  28  3:29  Marine  
  28  3:32  SCV  
  30  3:37  SCV  
  31  3:41  Refinery  
  31  3:44  Refinery, SCV  
  31  3:45  Factory Tech Lab  
  32  3:48  Starport  
  32  3:51  Starport  
  32  3:52  SCV  
  33  3:56  SCV  
  34  4:04  SCV, Missile Turret  
  34  4:09  SCV  
  36  4:10  Missile Turret  
  36  4:11  Siege Tank  
  36  4:12  Missile Turret  
  37  4:34  Missile Turret  
  37  4:39  Missile Turret  
  37  4:41  SCV x2  
  37  4:43  Siege Tank  
  42  4:53  SCV x2  
  44  5:01  Starport Tech Lab x2  
  44  5:05  SCV x2, Marine  
  47  5:10  Liberator  
  47  5:11  Liberator, Factory  
  47  5:15  Siege Tank  
  47  5:17  SCV  
  47  5:18  SCV  
  52  5:23  Marine  
  56  5:29  SCV  
  56  5:30  SCV  
  61  5:41  Supply Depot  
  60  5:44  Supply Depot  
  57  6:04  Factory Tech Lab, Command Center  
  57  6:10  Viking  
  59  6:11  Viking  
  59  6:15  SCV x2  
  63  6:27  SCV x2  
  63  6:28  Hellion x2  
  69  6:39  SCV  
  70  7:16  Siege Tank x2, SCV  
  70  7:21  Viking  
  70  7:22  Viking  
  81  7:48  Hellion x2  
  82  8:07  Supply Depot  
  82  8:10  Supply Depot  
  82  8:16  Supply Depot  
  82  8:17  Supply Depot  
  82  8:25  Command Center  
  79  8:29  Command Center  
  79  8:30  Armory  
  79  8:31  Armory  
  79  8:32  Armory, Siege Tank x2  
  85  8:37  Raven x2  
  89  8:46  Missile Turret  
  89  8:55  Planetary Fortress  
  89  8:59  Fusion Core  
  89  9:04  Hellion x2  
  89  9:05  Missile Turret  
  89  9:09  Infernal Pre-Igniter  
  93  9:47  Thor x2  
  93  9:51  Terran Ship Weapons Level 1, Terran Vehicle And Ship Armor Level 1, Missile Turret  
  93  9:52  Terran Vehicle Weapons Level 1  
  105  9:54  SCV x3  
  105  9:56  Refinery  
  108  10:01  Missile Turret  
  108  10:02  Refinery  
  108  10:10  Orbital Command  
  108  10:30  Thor x2  
  108  10:34  Missile Turret  
  108  10:35  Hi-Sec Auto Tracking  
  120  10:37  SCV x2  
  122  10:56  Planetary Fortress  
  122  10:57  Missile Turret  
  122  10:59  Missile Turret  
  122  11:03  Battlecruiser  
  128  11:13  Hellion  
  128  11:15  Factory x2  
  128  11:16  Factory  
  130  11:24  Weapon Refit  
  130  11:31  Supply Depot  
  130  11:32  Missile Turret  
  130  11:33  Supply Depot  
  130  11:37  Supply Depot  
  130  11:38  Supply Depot, Missile Turret  
  130  11:45  SCV  
  131  11:52  Building Armor  
  131  11:53  Viking, SCV x4, Hellion  
  139  11:57  SCV  
  139  11:59  Factory Tech Lab x3  
  140  12:05  Hellion  
  140  12:06  SCV x2  
  140  12:07  SCV x2  
  140  12:08  Battlecruiser  
  152  12:09  SCV  
  152  12:11  Refinery  
  152  12:14  Refinery  
  152  12:15  Hellion  
  155  12:18  Sensor Tower, SCV  
  155  12:19  SCV x3  
  155  12:21  SCV  
  160  12:26  Hellion  
  162  12:36  Hellion  
  150  12:47  Hellion  
  152  13:10  Battlecruiser  
  158  13:17  Sensor Tower  
  158  13:27  SCV x2  
  160  13:36  Missile Turret  
  160  13:46  Sensor Tower  
  160  13:51  Command Center  
  160  13:55  Siege Tank, Missile Turret x2  
  163  14:00  Terran Ship Weapons Level 2  
  163  14:01  Terran Vehicle And Ship Armor Level 2, Siege Tank x2, Terran Vehicle Weapons Level 2  
  163  14:02  Siege Tank, Battlecruiser  
  178  14:05  Supply Depot x2  
  178  14:06  Supply Depot  
  178  14:16  Missile Turret  
  172  14:45  Missile Turret  
  172  14:46  Missile Turret  
  172  14:49  Missile Turret x2  
  171  15:03  Sensor Tower  
  171  15:12  Command Center  
  171  15:18  Battlecruiser x2  
  183  15:28  Starport  
  183  15:32  Starport  
  183  15:37  Starport  
  183  15:49  Command Center  
  157  16:16  Command Center  
  157  16:17  Command Center  
  157  16:20  Siege Tank x4  
  157  16:21  Siege Tank  
  157  16:22  Battlecruiser  
  157  16:23  Battlecruiser  
  157  16:24  Starport Tech Lab x3  
  184  16:30  Orbital Command  
  184  16:35  SCV x2  
  184  16:37  Refinery  
  186  16:41  Missile Turret x2  
  186  17:00  Missile Turret  
  186  17:03  Missile Turret  
  168  17:24  Missile Turret  
  166  17:46  Missile Turret  
  166  18:04  Planetary Fortress  
  166  18:05  Planetary Fortress  
  166  18:08  Missile Turret  
  166  18:28  Sensor Tower  
  166  18:45  Refinery x2  
  166  18:46  Orbital Command  
  166  19:20  Command Center  
Tags
 
Add a new tag
Caveats
  • Supply blocks, unpowered buildings, or Contaminate may cause inaccurate times.
  • Supply counts are checked every 10 seconds.